Map: Efflorescence EC

Players

Renard

  • Race: Terran Terran
  • League: Platinum
  • Spawn Location: 6:00

Vacuum

  • Race: Protoss Protoss
  • Spawn Location: 9:00

Pride - Winner!

  • Race: Protoss Protoss
  • League: Platinum
  • Spawn Location: 3:00

Sorandom - Winner!

  • Race: Zerg Zerg
  • League: Diamond
  • Spawn Location: 12:00

VOD

Have the link to the VOD?

Description

Time

  • Played on: April 7, 2019, 12:05 p.m.
  • Length: 18:00
Show
View Real Time Build Order
Export as new Build Order

Renard Terran 

Build Orders:  

Get SALT Encoding   

  12  0:01  SCV  
  13  0:15  Supply Depot  
  13  0:19  SCV  
  14  0:31  SCV  
  15  0:40  Barracks  
  15  0:43  SCV  
  15  0:48  Refinery  
  16  0:53  Refinery  
  16  0:56  SCV  
  17  1:08  SCV  
  18  1:20  SCV  
  19  1:28  Barracks Reactor  
  19  1:32  Supply Depot, SCV  
  20  1:44  SCV  
  20  1:45  Factory  
  21  1:56  SCV  
  22  2:04  Marine x2  
  24  2:09  SCV  
  25  2:24  Supply Depot  
  25  2:25  Marine  
  25  2:26  Marine  
  27  2:30  Factory Reactor  
  27  2:34  Factory Tech Lab  
  27  2:39  SCV, Starport  
  28  2:51  Supply Depot  
  28  2:57  Marine x2  
  30  3:04  Siege Tank  
  33  3:13  Supply Depot  
  33  3:16  Starport Reactor  
  33  3:26  Engineering Bay  
  33  3:29  SCV  
  35  3:41  Marine x2  
  36  3:55  Missile Turret  
  36  4:03  Marine x2  
  36  4:05  Supply Depot  
  38  4:13  Terran Infantry Armor Level 1  
  38  4:15  Siege Tank  
  41  4:21  Marine  
  41  4:22  Marine  
  43  4:30  Supply Depot  
  43  4:39  Marine x2  
  43  4:40  Medivac  
  47  4:57  Marine x2  
  49  5:05  Missile Turret  
  49  5:07  Medivac  
  49  5:10  Medivac  
  53  5:15  Marine x2  
  53  5:20  Siege Tank  
  58  5:30  Orbital Command  
  58  5:33  Marine  
  59  5:52  Marine x2  
  61  6:10  Siege Tank, Marine x2  
  66  6:27  Marine  
  66  6:28  Command Center  
  43  6:59  Siege Tank  
  43  7:00  SCV  
  47  7:02  Marine  
  47  7:03  Marine  
  47  7:08  Terran Infantry Weapons Level 1  
  49  7:10  Viking  
  49  7:12  SCV  
  52  7:24  SCV  
  53  7:31  Missile Turret  
  53  7:36  SCV  
  54  7:39  Marine x2  
  56  7:56  Marine  
  56  7:57  Marine  
  58  8:03  Supply Depot, SCV  
  58  8:04  Liberator x2  
  59  8:08  SCV  
  60  8:14  Marine x2  
  60  8:15  SCV  
  65  8:20  SCV  
  70  8:32  Supply Depot, Marine x2  
  72  8:50  Marine x2  
  74  8:59  Missile Turret  
  74  9:00  Missile Turret  
  74  9:08  Marine x2  
  76  9:25  Marine  
  76  9:26  Marine  
  76  9:29  Missile Turret  
  76  9:30  Missile Turret  
  78  9:32  Missile Turret  
  78  9:36  Missile Turret  
  78  9:38  Refinery  
  78  9:41  Refinery  
  78  9:42  SCV  
  78  9:43  Marine  
  80  9:57  Supply Depot  
  79  10:18  Marine x2  
  81  10:23  SCV x2  
  83  10:32  Supply Depot  
  83  10:35  SCV x2  
  85  10:36  Marine x2  
  87  10:47  SCV, Sensor Tower  
  88  10:53  Marine  
  88  10:55  Supply Depot  
  89  11:01  Sensor Tower  
  89  11:06  Marine  
  90  11:11  Marine  
  91  11:22  Viking  
  91  11:24  Marine  
  94  11:29  Marine  
  94  11:32  SCV x2  
  97  11:42  Marine  
  97  11:44  SCV  
  99  11:47  Marine  
  99  11:48  Missile Turret  
  99  11:54  SCV  
  101  11:56  SCV  
  101  11:59  Marine  
  103  12:05  Marine  
  103  12:17  Marine  
  102  12:55  Missile Turret  
  102  13:02  Missile Turret, Marine x2  
  102  13:04  Siege Tank  
  107  13:16  Missile Turret  
  107  13:19  Command Center  
  107  13:20  Marine x2  
  109  13:33  Supply Depot  
  109  13:36  Missile Turret  
  109  13:37  Siege Tank, Marine  
  109  13:38  Marine  
  114  13:46  Viking  
  113  13:55  Missile Turret  
  113  14:03  Marine x2  
  113  14:09  Siege Tank  
  118  14:15  Missile Turret  
  118  14:16  Viking  
  120  14:21  Marine x2  
  82  14:38  Marine  
  82  14:39  Marine  
  81  14:46  Viking  
  83  14:56  Marine x2  
  85  15:08  Supply Depot  
  85  15:14  Marine x2  
  85  15:16  Viking  
  89  15:22  Siege Tank  
  92  15:31  Supply Depot  
  92  15:32  Marine x2  
  94  15:36  Armory  
  94  15:43  Barracks  
  94  15:45  Barracks  
  94  15:48  Factory  
  94  15:50  Marine x2  
  94  15:51  Starport Reactor  
  94  15:54  Supply Depot, Siege Tank  
  99  16:07  Marine  
  99  16:08  Marine  
  97  16:25  Marine x2  
  91  16:26  Siege Tank  
  92  16:38  Barracks Reactor  
  92  16:40  Viking  
  92  16:43  Barracks, Marine x2  
  96  16:47  Barracks Reactor  
  96  17:01  Marine x2  
  98  17:09  Supply Depot  
  98  17:10  Viking  
  98  17:13  Missile Turret  
  100  17:19  Marine x2  
  100  17:21  Marine  
  100  17:22  Marine  
  104  17:23  Marine  
  104  17:28  Marine  
  106  17:31  Supply Depot  
  106  17:36  Marine  
  106  17:37  Starport, Marine x2  
  105  17:39  Marine x2  
  105  17:41  Starport, Marine  
Show
View Real Time Build Order
Export as new Build Order

Vacuum Protoss 

Build Orders: Dark Templar Rush 

Get SALT Encoding   

  12  0:01  Probe  
  13  0:13  Probe  
  14  0:28  Pylon  
  14  0:31  Probe  
  15  0:46  Probe  
  15  0:48  Gateway  
  16  0:58  Probe  
  16  1:00  Assimilator  
  17  1:10  Probe  
  18  1:22  Probe  
  19  1:34  Probe  
  19  1:36  Cybernetics Core  
  19  1:39  Pylon  
  20  1:42  Zealot  
  20  1:46  Probe  
  23  1:52  Warp Gate  
  23  2:00  Zealot  
  23  2:02  Assimilator  
  25  2:18  Gateway  
  25  2:26  Pylon  
  25  2:32  Probe  
  26  2:38  Stalker  
  28  2:47  Twilight Council  
  28  2:51  Probe  
  28  2:52  Pylon  
  29  3:08  Zealot  
  31  3:17  Pylon  
  31  3:24  Dark Shrine  
  30  3:47  Gateway x2  
  30  3:49  Gateway  
  30  4:26  Pylon  
  30  4:42  Probe  
  31  4:47  Dark Templar x4  
  39  4:58  Zealot  
  39  5:52  Stalker x3  
  39  5:53  Stalker x2  
  43  6:12  Nexus  
  43  6:14  Pylon  
  43  6:18  Zealot x4  
  49  6:19  Zealot  
  53  6:47  Stalker x2  
  53  6:48  Dark Templar  
  53  6:51  Sentry x2  
  63  7:07  Forge  
  63  7:10  Pylon  
  63  7:23  Probe  
  63  7:24  Protoss Ground Weapons Level 1  
  64  7:32  Probe  
  65  7:41  Probe  
  66  7:53  Probe  
  68  8:05  Probe  
  68  8:06  Nexus  
  68  8:15  Probe  
  68  8:18  Pylon  
  69  8:23  Probe  
  69  8:26  Dark Templar  
  71  8:27  Sentry  
  71  8:32  Probe  
  74  8:35  Archon  
  75  8:42  Dark Templar x2  
  75  8:44  Probe  
  80  8:49  Pylon  
  80  8:56  Probe  
  81  9:05  Photon Cannon  
  81  9:08  Pylon  
  81  9:10  Pylon  
  81  9:13  Pylon  
  70  9:32  Probe  
  71  9:38  Stalker x2  
  71  9:39  Stalker x2  
  71  9:40  Sentry  
  71  9:44  Probe  
  82  9:56  Probe  
  83  10:08  Probe  
  83  10:09  Protoss Ground Weapons Level 2  
  84  10:16  Zealot  
  86  10:22  Pylon x2  
  86  10:24  Pylon  
  86  10:29  Pylon  
  86  10:40  Probe  
  87  10:52  Probe  
  74  11:04  Probe  
  75  11:16  Probe  
  72  11:23  Probe  
  73  11:30  Stalker x4  
  81  11:33  Sentry  
  81  11:35  Probe  
  84  11:44  Photon Cannon  
  84  11:46  Pylon  
  84  11:47  Probe  
  85  11:59  Probe  
  86  12:11  Probe  
  87  12:49  Stalker x2  
  87  12:50  Zealot x3  
  97  13:14  Zealot x5  
  107  14:09  Zealot x2  
  111  14:10  Zealot x3  
  55  14:47  Stalker x5  
Show
View Real Time Build Order
Export as new Build Order

Pride Protoss - Winner!

Build Orders: Zealot Archon 

Get SALT Encoding   

  12  0:00  Probe  
  13  0:13  Probe  
  14  0:18  Pylon  
  14  0:25  Probe  
  15  0:36  Probe  
  15  0:39  Gateway  
  16  0:44  Probe  
  17  0:52  Probe  
  18  0:59  Assimilator  
  18  1:03  Probe  
  19  1:14  Gateway  
  19  1:22  Probe  
  20  1:28  Cybernetics Core  
  20  1:30  Pylon  
  20  1:34  Probe  
  21  1:45  Assimilator  
  21  1:46  Probe  
  22  1:58  Probe  
  23  2:04  Warp Gate  
  23  2:07  Nexus  
  23  2:21  Adept  
  23  2:26  Robotics Facility  
  23  2:28  Probe  
  26  2:40  Probe, Adept  
  29  2:52  Probe  
  30  3:10  Pylon  
  30  3:15  Twilight Council, Pylon  
  30  3:16  Probe  
  30  3:19  Observer  
  32  3:26  Probe  
  33  3:28  Probe  
  34  3:35  Pylon  
  34  3:38  Probe  
  34  3:40  Probe  
  36  3:50  Probe  
  37  3:56  Gateway  
  37  3:57  Gateway  
  37  4:01  Stalker  
  39  4:06  Probe x2  
  41  4:11  Assimilator  
  41  4:18  Probe x2  
  41  4:20  Charge  
  42  4:25  Immortal  
  42  4:31  Sentry x2  
  50  4:38  Probe x2  
  50  4:41  Gateway  
  50  4:44  Gateway  
  52  4:49  Pylon  
  52  4:59  Pylon  
  52  5:01  Probe x2  
  54  5:13  Probe x2  
  56  5:16  Forge  
  56  5:19  Forge  
  56  5:25  Probe, Templar Archives  
  56  5:26  Probe  
  58  5:33  Observer  
  58  5:35  Assimilator  
  62  5:38  Probe  
  60  5:45  Adept x5  
  70  6:18  Observer  
  71  6:20  High Templar  
  71  6:21  High Templar  
  71  6:25  Archon  
  69  6:52  Protoss Ground Armor Level 1, Protoss Ground Weapons Level 1  
  69  6:59  Warp Prism  
  71  7:11  Probe  
  71  7:12  Robotics Facility, Probe  
  73  7:22  Pylon  
  73  7:24  Probe x2  
  73  7:27  Robotics Bay  
  75  7:35  Immortal  
  79  7:39  Nexus  
  79  7:41  Pylon  
  79  7:42  Pylon  
  79  7:50  Zealot x6  
  91  8:00  Shield Battery  
  91  8:01  Shield Battery  
  91  8:04  Shield Battery x2  
  91  8:07  Pylon  
  91  8:08  Shield Battery  
  91  8:12  Extended Thermal Lance  
  91  8:13  Zealot x3  
  91  8:14  Zealot x2  
  101  8:29  Colossus x2  
  113  8:36  High Templar  
  113  8:37  High Templar  
  113  8:41  Archon  
  117  8:45  Protoss Ground Weapons Level 2  
  117  8:54  Probe x3  
  120  9:02  Protoss Ground Armor Level 2  
  120  9:06  Probe x3  
  123  9:12  Zealot  
  123  9:13  Zealot x4  
  133  9:28  Assimilator  
  133  9:32  Assimilator  
  133  9:38  Pylon  
  133  9:43  Pylon  
  133  9:47  Pylon  
  133  9:55  Pylon  
  133  9:56  Probe x3  
  133  9:57  High Templar x2  
  140  10:02  High Templar x2  
  140  10:03  Archon  
  140  10:06  Archon  
  144  10:12  Colossus  
  144  10:21  Colossus  
  144  10:24  Pylon  
  144  10:27  Pylon  
  150  10:29  Pylon  
  156  10:42  Zealot x4  
  162  10:43  Zealot x2  
  168  10:51  Gateway  
  168  10:53  Gateway  
  168  10:54  Protoss Ground Weapons Level 3  
  168  10:55  Gateway  
  168  10:58  Gateway  
  168  11:00  Gateway  
  168  11:09  High Templar x2  
  172  11:13  Archon  
  172  11:20  Immortal  
  172  11:23  Immortal  
  180  11:33  High Templar x2  
  180  11:37  Pylon x2  
  180  11:39  Archon  
  184  11:49  Protoss Ground Armor Level 3  
  184  12:08  High Templar x2  
  188  12:09  Zealot x4  
  188  12:10  Zealot x2  
  188  12:12  Archon  
  200  12:55  Nexus  
  200  12:58  Psionic Storm  
  200  12:59  Pylon  
  200  13:02  Photon Cannon  
  200  13:03  Photon Cannon  
  200  13:05  Photon Cannon  
  200  13:06  Photon Cannon  
  200  13:42  Protoss Shields Level 1  
  168  14:35  Zealot x5  
  168  14:36  Zealot x4  
  110  14:50  Zealot  
  110  14:51  Zealot  
  106  14:58  High Templar x3  
  106  14:59  High Templar x6  
  120  15:02  Archon  
  120  15:03  Archon x3  
  120  15:06  Colossus x2  
  120  15:14  High Templar  
  134  15:22  Archon  
  134  15:34  High Templar x4  
  134  15:35  High Templar x3  
  148  15:38  Archon x2  
  148  15:39  Archon  
  148  15:41  High Templar  
  150  15:44  Archon  
  150  16:02  Assimilator, Zealot x3  
  156  16:06  Assimilator  
  156  16:12  Zealot x2  
  156  16:13  Zealot x6  
  170  16:34  Zealot x7  
  170  16:35  Zealot x3  
  170  16:36  Zealot  
  192  17:08  High Templar x4  
  194  17:10  Nexus  
  194  17:11  Pylon  
  194  17:12  Archon x2  
  194  17:13  Pylon  
Show
View Real Time Build Order
Export as new Build Order

Sorandom Zerg - Winner!

Build Orders: Pool First 

Get SALT Encoding   

  12  0:02  Drone  
  13  0:14  Overlord  
  13  0:20  Drone  
  14  0:32  Drone  
  14  0:33  Drone  
  16  0:36  Drone  
  17  0:49  Spawning Pool  
  16  0:50  Extractor  
  16  0:53  Drone  
  16  1:00  Drone  
  17  1:19  Hatchery  
  16  1:30  Overlord, Drone  
  17  1:33  Drone  
  18  1:41  Zergling x2  
  19  1:49  Queen  
  21  1:59  Drone  
  22  2:05  Metabolic Boost  
  22  2:18  Drone  
  22  2:19  Drone  
  24  2:25  Queen  
  24  2:29  Drone  
  27  2:34  Extractor  
  27  2:35  Drone  
  27  2:36  Drone  
  28  2:42  Queen  
  30  2:48  Drone  
  30  2:49  Drone  
  32  2:59  Drone  
  32  3:00  Drone x3  
  36  3:10  Overlord  
  36  3:27  Lair  
  36  3:29  Overlord x2  
  36  3:30  Drone x3  
  39  3:39  Drone  
  39  3:40  Drone x3  
  43  3:45  Overlord  
  43  3:53  Zergling x8  
  47  3:58  Evolution Chamber  
  47  3:59  Evolution Chamber  
  47  4:02  Baneling Nest  
  44  4:14  Drone  
  44  4:15  Drone x5  
  44  4:16  Extractor  
  49  4:35  Spire  
  48  4:41  Drone x3  
  48  4:45  Drone x2  
  52  4:48  Extractor  
  52  4:54  Zerg Melee Weapons Level 1  
  52  4:55  Zerg Ground Armor Level 1  
  52  4:56  Baneling  
  52  4:58  Baneling  
  52  5:01  Hatchery  
  52  5:02  Drone  
  52  5:03  Drone x2  
  54  5:10  Drone  
  54  5:11  Drone x2  
  57  5:26  Overseer  
  57  5:31  Spore Crawler  
  57  5:33  Spore Crawler  
  54  5:39  Zergling x4  
  42  5:46  Zergling x20  
  35  6:00  Drone x2  
  33  6:08  Drone  
  33  6:09  Drone  
  35  6:19  Drone x3  
  38  6:36  Queen x2  
  38  6:38  Drone x5  
  34  6:51  Drone x4  
  34  6:53  Drone  
  39  6:59  Drone x2  
  41  7:02  Drone  
  41  7:03  Drone  
  41  7:07  Drone  
  44  7:09  Drone  
  44  7:13  Drone x2  
  47  7:19  Drone x3  
  50  7:24  Drone  
  50  7:25  Drone  
  50  7:28  Drone  
  50  7:29  Drone x2  
  55  7:35  Drone x2  
  57  7:42  Mutalisk  
  57  7:43  Mutalisk x2  
  63  7:50  Mutalisk x2  
  67  7:52  Overseer  
  67  8:07  Mutalisk  
  67  8:08  Mutalisk x2  
  67  8:09  Overlord x2  
  73  8:20  Drone  
  73  8:21  Overlord  
  73  8:22  Overlord x2  
  74  8:29  Zerg Flyer Weapons Level 1  
  74  8:30  Mutalisk x2  
  78  8:34  Drone x3  
  78  8:35  Drone x2  
  78  8:39  Mutalisk  
  85  8:41  Drone x2  
  85  8:46  Overseer  
  85  8:48  Drone x3  
  89  8:52  Extractor  
  89  8:54  Extractor, Spore Crawler  
  87  8:56  Spine Crawler, Drone  
  87  8:57  Drone  
  87  9:02  Mutalisk  
  88  9:08  Zergling x10  
  95  9:24  Zergling x10  
  95  9:25  Zergling x6  
  103  9:33  Zergling x2  
  103  9:38  Drone x2  
  106  9:41  Overlord x4  
  106  9:45  Zerg Melee Weapons Level 2  
  106  9:46  Zerg Ground Armor Level 2  
  106  10:08  Baneling x10  
  106  10:09  Baneling x4  
  106  10:23  Zerg Flyer Armor Level 1  
  106  10:26  Mutalisk  
  106  10:27  Mutalisk  
  110  10:29  Zergling x20  
  110  10:33  Drone x3  
  123  10:39  Mutalisk  
  123  10:41  Drone x3  
  128  10:46  Hatchery  
  127  11:15  Mutalisk x3  
  131  11:22  Mutalisk  
  131  11:23  Mutalisk x2  
  137  11:34  Overlord x9  
  137  11:39  Overlord  
  137  11:55  Drone x3  
  140  12:01  Mutalisk  
  140  12:02  Mutalisk x3  
  148  12:14  Infestation Pit  
  143  12:41  Corruptor  
  143  12:42  Corruptor x9  
  161  12:48  Extractor  
  161  12:51  Extractor  
  159  12:54  Drone x5, Spore Crawler  
  163  12:59  Zerg Flyer Weapons Level 2  
  163  13:01  Hive  
  163  13:02  Spine Crawler  
  162  13:08  Zerg Missile Weapons Level 1  
  162  13:16  Mutalisk  
  162  13:19  Drone x2  
  167  13:20  Drone  
  167  13:21  Drone x3  
  167  13:23  Drone x7  
  177  13:38  Corruptor  
  169  14:25  Hatchery  
  169  14:27  Zergling x4  
  169  14:28  Zergling x10, Mutalisk x3  
  169  14:29  Mutalisk x2  
  169  14:30  Mutalisk  
  183  14:59  Mutalisk  
  181  15:00  Mutalisk x9  
  199  15:32  Greater Spire  
  199  15:36  Zergling x2  
  199  15:38  Baneling x11  
  199  15:39  Baneling x11  
  194  16:45  Brood Lord  
  194  16:46  Brood Lord x2  
  200  17:04  Brood Lord x7  
  200  17:29  Extractor  
  199  17:32  Extractor  
Tags
 
Add a new tag
Caveats
  • Supply blocks, unpowered buildings, or Contaminate may cause inaccurate times.
  • Supply counts are checked every 10 seconds.